 Dungeon Crawl Stone Soup version 0.28.0 (webtiles) character file.

Game seed: 3788514398704290462

5 browni3141 the Skirmisher (level 1, 0/20 HPs)
             Began as a Minotaur Berserker on Feb 16, 2022.
             Was a Follower of Trog.
             Slain by a kobold (2 damage)
             ... on level 1 of the Dungeon.
             The game lasted 00:00:07 (272 turns).

browni3141 the Skirmisher (Minotaur Berserker)       Turns: 272, Time: 00:00:07

Health: 0/20       AC:  2    Str: 21    XL:     1   Next: 66%
Magic:  0/0        EV: 12    Int:  4    God:    Trog [*.....]
Gold:   0          SH:  0    Dex:  9    Spells: 0/0 levels left

rFire   . . .      SeeInvis .   a - +0 hand axe
rCold   . . .      Faith    .   (no shield)
rNeg    . . .      Spirit   .   b - +0 animal skin
rPois   .          Reflect  .   (helmet restricted)
rElec   .          Harm     .   (no cloak)
rCorr   .          Rampage  .   (no gloves)
Will    .....                   (no boots)
Stlth   +.........              (no amulet)
HPRegen 0.06/turn               (no ring)
MPRegen 0.07/turn               (no ring)

@: no status effects
A: horns 2, retaliatory headbutt
a: Renounce Religion, Berserk


You were on level 1 of the Dungeon.
You worshipped Trog.
Trog was aware of your devotion.
You visited 1 branch of the dungeon, and saw 1 of its levels.

Inventory:

Hand Weapons
 a - a +0 hand axe (weapon)
Armour
 b - a +0 animal skin (worn)
Jewellery
 f - a ring of magical power
Scrolls
 c - a scroll of enchant weapon {unknown}
 e - a scroll of identify {unknown}
Potions
 d - a potion of might {unknown}


   Skills:
 + Level 3.8 Fighting
 + Level 3.8 Axes
 + Level 2.6 Armour
 - Level 2.1 Dodging


You couldn't memorise any spells.
You didn't know any spells.
Your spell library was empty.

Dungeon Overview and Level Annotations

Branches:
Dungeon (1/15)

Altars:


Innate Abilities, Weirdness & Mutations

You have a pair of horns on your head.
You reflexively headbutt those who attack you in melee.


Message History

A goblin is nearby!
A kobold comes into view. It is wielding a +0 whip.
There are monsters nearby!
The goblin hits you with a +0 club.
You barely miss the goblin. The goblin hits you with a +0 club.
There are monsters nearby!
There are monsters nearby!
You barely miss the goblin. The goblin hits you with a +0 club.
You hit the goblin. Your headbutt misses the goblin.
The goblin is severely wounded.
The goblin hits you but does no damage.
You hit the goblin.
You kill the goblin!
Trog accepts your kill.
You completely miss the kobold. The kobold barely misses you.
The kobold hits you with a +0 whip. The kobold closely misses you.
You see here a +0 club.
You hit the kobold.
The kobold is moderately wounded.
The kobold closely misses you.
A kobold is nearby!
A kobold is nearby!
You closely miss the kobold.
The kobold is moderately wounded.
The kobold barely misses you.
You closely miss the kobold.
The kobold is moderately wounded.
The kobold hits you with a +0 whip.
A kobold is nearby!
The kobold hits you with a +0 whip.
* * * LOW HITPOINT WARNING * * *
You are too injured to fight recklessly!
The kobold hits you with a +0 whip.
* * * LOW HITPOINT WARNING * * *
You are too injured to fight recklessly!
A kobold is nearby!
You are too injured to fight recklessly!
You fail to use your ability.
The kobold hits you with a +0 whip.
You die...

... #.##.#.....
....###+###.##...##.#
#.........#..#.#.#...
#.........#....#...##
##.........#.##.#.#.#.
#............##...#...
+.............#.#.#.#.
#...[...........#...##
#....@K.)....##.#.#...
#............##...##.#
#............##.#.....
#............# .##.###
#............# .......
#............# #.###.#
......#######...
...... ###### ...
...... ....(....


You could see a kobold.

Vanquished Creatures
  2 endoplasms (D:1)
  A ball python (D:1)
  2 goblins (D:1)
5 creatures vanquished.

Notes
Turn   | Place    | Note
-------+----------+-------------------------------------------
     0 | D:1      | browni3141 the Minotaur Berserker began the quest for the
                  | Orb.
     0 | D:1      | Reached XP level 1. HP: 19/19 MP: 0/0
   272 | D:1      | Slain by a kobold

Illustrated notes

Levels and vault maps discovered:
D:1:      lightli_arrival_maybe_door_vault, layout_basic,
          nicolae_concentric_dashed_squares_wild, minmay_heptomino_d4

Action                   || total
-------------------------++-------
Melee: Hand axe          ||    11
Armor: Animal skin       ||     2
Dodge: Dodged            ||     7
